 Dungeon Sprint DCSS version 0.23-a0-398-g8eab93f (webtiles) character file.

45826 emperorscorpion the Stormcaller (level 14, -4/101 HPs)
             Began as an Octopode Air Elementalist on Nov 2, 2018.
             Was the Champion of Vehumet.
             Killed by chain lightning (8 damage)
             ... in the Dungeon (Sprint IX: "|||||||||||||||||||||||||||||") on Nov 3, 2018.
             The game lasted 00:16:57 (5756 turns).

emperorscorpion the Stormcaller (OpAE)              Turns: 5756, Time: 00:16:58

Health: -4/101     AC:  2    Str: 10    XL:     14   Next: 34%
Magic:  1/36       EV: 21    Int: 25    God:    Vehumet [******]
Gold:   374        SH:  0    Dex: 13    Spells: 12/49 levels left

rFire    . . .     SeeInvis +   l - staff of energy
rCold    . . .     Gourm    .   (no shield)
rNeg     . . .     Faith    .   u - +1 hat {SInv}
rPois    .         Spirit   .   z - amulet of harm
rElec    .         Reflect  .   p - +3 ring of strength
rCorr    .         Harm     +   q - +3 ring of intelligence
MR       ++...     NoTele   +   w - ring of stealth
Stlth    +++++.....             x - ring of see invisible
HPRegen  0.26/turn              y - ring of stealth
MPRegen  0.25/turn              D - ring of protection from magic
                                (no ring)
                                (no ring)

@: no status effects
A: almost no armour, stealthy swim, amphibious, 8 rings, constrict 8, camouflage
1, gelatinous body 1
a: Renounce Religion


You were in the Dungeon.
You worshipped Vehumet.
Vehumet was exalted by your worship.
You were hungry.

You visited 1 branch You collected 1917 gold pieces.
You spent 1543 gold pieces at shops.

Inventory:

Hand Weapons
 a - the +2 halberd "Xocuumin" {venom, rElec rC++ Int+4 Stlth+}
   (You found it in the Dungeon)

   It poisons the flesh of those it strikes.
   It affects your intelligence (+4).
   It greatly protects you from cold.
   It insulates you from electricity.
   It makes you more stealthy.
 b - a +4 quarterstaff of speed
Missiles
 I - 2 throwing nets (quivered)
Armour
 o - a +0 pair of gloves
 u - a +1 hat of see invisible (worn)
Magical Staves
 l - an uncursed staff of energy (weapon)
Jewellery
 p - a +3 ring of strength (left tentacle)
 q - a +3 ring of intelligence (right tentacle)
 w - a ring of stealth (on tentacle)
 x - a ring of see invisible (on tentacle)
 y - a ring of stealth (on tentacle)
 z - an amulet of harm (around mantle)
 A - the ring "Neriexyebol" {Fire Str+4}
   (You bought it in a shop in the Dungeon)

   [ring of fire]

   It enhances your fire magic.
   It affects your strength (+4).
   It protects you from fire.
   It makes you vulnerable to cold.
 D - a ring of protection from magic (on tentacle)
 E - an uncursed ring of fire
 F - an uncursed ring of see invisible
 G - an uncursed ring of fire
Wands
 k - a wand of acid (2)
 C - a wand of paralysis (5)
Scrolls
 h - 3 scrolls of blinking
 i - 5 scrolls of remove curse
 j - 2 scrolls of amnesia
 m - a scroll of identify
 r - 4 scrolls of enchant armour
 s - 2 scrolls of fog
 t - a scroll of fear
 v - 3 scrolls of enchant weapon
Potions
 c - 9 potions of curing
 d - 7 potions of heal wounds
 e - 3 potions of haste
 f - 4 potions of magic
 g - a potion of invisibility
 H - a potion of might
 J - a potion of flight {unknown}
Miscellaneous
 B - a sack of spiders
Comestibles
 n - 10 rations


   Skills:
 + Level 11.4 Fighting
 + Level 3.0 Polearms
 + Level 12.7 Dodging
 - Level 2.6 Stealth
 + Level 18.3 Spellcasting
 + Level 16.6 Conjurations
 * Level 10.4 Summonings
 + Level 3.8 Ice Magic
 + Level 19.4 Air Magic


You had 12 spell levels left.
You knew the following spells:

 Your Spells              Type           Power        Failure   Level  Hunger
a - Shock                 Conj/Air       ####         0%          1    None
b - Swiftness             Chrm/Air       ######..     1%          2    None
c - Lightning Bolt        Conj/Air       #######...   1%          5    None
d - Airstrike             Air            #######...   0%          4    None
e - Olgreb's Toxic Radia  Pois           ###.....     5%          4    None
f - Bolt of Cold          Conj/Ice       ######....   1%          6    None
g - Spellforged Servitor  Conj/Summ      ######....   1%          7    None
h - Chain Lightning       Conj/Air       #######...   2%          8    None

Your spell library contained the following spells:

 Spells                   Type           Power        Failure   Level  Hunger
 Tornado                  Air            #######...   19%         9    None
 Lehudib's Crystal Spear  Conj/Erth      ######....   71%         8    None
 Static Discharge         Conj/Air       #######.     0%          3    None


Dungeon Overview and Level Annotations

Branches:
Dungeon (1/1)

Altars:
Cheibriados
Dithmenos
Elyvilon
Fedhas
Gozag
Hepliaklqana
Kikubaaqudgha
Makhleb
Nemelex Xobeh
Okawaru
Qazlal
Ru
Sif Muna
Trog
Uskayaw
Vehumet
Wu Jian
Xom
Yredelemnul
Zin
The Shining One
Beogh
Jiyva
Lugonu

Shops:
D ([=*


Innate Abilities, Weirdness & Mutations

You cannot wear most types of armour.
You are very stealthy in the water. (Stealth+)
You are amphibious.
You can wear up to eight rings at the same time.
You can use your tentacles to constrict eight enemies at once.
Your skin changes colour to match your surroundings (Stealth+).
Your rubbery body absorbs attacks. (AC +1, EV +1)


Message History

The lightning arc hits the great orb of eyes.
You kill the great orb of eyes!
Vehumet accepts your kill.
You feel your power returning.
Your Polearms skill increases to level 3!
The lightning arc hits you!
* * * LOW HITPOINT WARNING * * *
The lightning arc grounds out.
Okay, then.
A wizard comes into view. It is wielding a +2 dagger of venom.
The wizard gestures wildly while chanting.
The wizard flickers and vanishes for a moment.
Casting: Chain Lightning (safe; 2% risk of failure)
Confirm with . or Enter, or press ? or * to list all spells.
You hear a mighty clap of thunder!
The lightning arc hits the wizard.
You kill the wizard!
Vehumet accepts your kill. The lightning arc hits you!
You die...

...........).............▓
▓▓▓▓▓▓▓▓▓▓▓▓▓▓▓▓▓▓▓▓▓▓▓▓.▓
[.)))))))).....'.........▓
▓▓▓▓▓▓▓▓▓▓▓▓▓▓▓▓▓▓▓▓▓▓▓▓▓▓
.....................)...▓
♣♣♣♣♣♣♣♣♣♣▓▓▓▓▓▓▓▓▓▓▓▓▓▓.▓
........)'....((.........▓
♣♣♣♣♣♣♣♣♣♣▓▓▓▓▓▓▓▓▓▓▓▓▓▓▓▓
................@....).†.▓
▓▓▓▓▓▓▓▓▓▓▓▓▓▓▓▓▓▓▓▓▓▓▓▓.▓
..D())'Q.....)........).▓
▓▓▓▓▓▓▓▓▓▓▓▓▓▓▓▓▓▓▓▓▓▓▓▓▓


There were no monsters in sight!

Vanquished Creatures
  Gastronok (D)
  A thorn hunter (D)
  A shadow dragon (D)
  A fire giant (D)
  Aizul (D)
  2 stone giants (D)
  A very ugly thing (D)
  2 fire dragons (D)
  2 great orbs of eyes (D)
  An ice dragon (D)
  2 rakshasas (D)
  A naga warrior (D)
  A merfolk avatar (D)
  A merfolk aquamancer (D)
  3 two-headed ogres (D)
  2 alligators (D)
  2 naga sharpshooters (D)
  A deep troll earth mage (D)
  A vampire mage (D)
  A tengu warrior (D)
  Nergalle (D)
  A sea snake (D)
  An unseen horror (D)
  A swamp dragon (D)
  A wizard (D)
  An ugly thing (D)
  An elephant (D)
  12 orc knights (D)
  4 wolf spiders (D)
  2 cyclopes (D)
  Maurice (D)
  A water nymph (D)
  A merfolk siren (D)
  2 naga magi (D)
  A gargoyle (D)
  4 spiny frogs (D)
  A yaktaur (D)
  A demonic crawler (D)
  A tengu conjurer (D)
  A troll (D)
  2 komodo dragons (D)
  2 merfolk (D)
  A tyrant leech (D)
  A polar bear (D)
  A hornet (D)
  A jumping spider (D)
  A hippogriff (D)
  2 snapping turtles (D)
  2 redbacks (D)
  A wyvern (D)
  A yak (D)
  A tarantella (D)
  Grum (D)
  A vampire mosquito (D)
  4 wargs (D)
  An insubstantial wisp (D)
  2 hell hounds (D)
  A naga (D)
  A swamp drake (D)
  2 porcupines (D)
  15 orc warriors (D)
  5 wolves (D)
  A boggart (D)
  An ogre (D)
  3 crocodiles (D)
  4 bullfrogs (D)
  A scorpion (D)
  3 orc priests (D)
  2 orc wizards (D)
  An iguana (D)
  A worker ant (D)
  2 shadow imps (D)
  An adder zombie (D)
  An adder skeleton (D)
  10 orcs (D)
  A goblin (D)
  A ball python (D)
  2 frilled lizards (D)
  A giant cockroach zombie (D)
  2 rats (D)
  A briar patch (D)
155 creatures vanquished.

Vanquished Creatures (collateral kills)
  A naga sharpshooter (D)
  2 shock serpents (D)
3 creatures vanquished.

Grand Total: 158 creatures vanquished

Notes
Turn   | Place    | Note
-------+----------+-------------------------------------------
     0 | D        | emperorscorpion the Octopode Air Elementalist began the
                  | quest for the Orb.
     0 | D        | Reached XP level 1. HP: 11/11 MP: 3/3
    52 | D        | Noticed an iguana
    55 | D        | Reached skill level 4 in Air Magic
    55 | D        | Reached XP level 2. HP: 17/17 MP: 1/6
    60 | D        | Reached skill level 5 in Air Magic
    60 | D        | Reached XP level 3. HP: 18/21 MP: 0/9
    69 | D        | Found a roughly hewn altar of Beogh.
    69 | D        | Found a snail-covered altar of Cheibriados.
    69 | D        | Found a shadowy altar of Dithmenos.
    69 | D        | Found a white marble altar of Elyvilon.
    69 | D        | Found a blossoming altar of Fedhas.
    69 | D        | Found an opulent altar of Gozag.
    70 | D        | Found a hazy altar of Hepliaklqana.
    71 | D        | Found a viscous altar of Jiyva.
    72 | D        | Found an ancient bone altar of Kikubaaqudgha.
    73 | D        | Found a corrupted altar of Lugonu.
    74 | D        | Found a burning altar of Makhleb.
    75 | D        | Found a sparkling altar of Nemelex Xobeh.
    76 | D        | Found an iron altar of Okawaru.
    77 | D        | Found a stormy altar of Qazlal.
    78 | D        | Found a sacrificial altar of Ru.
    79 | D        | Found a deep blue altar of Sif Muna.
    80 | D        | Found a bloodstained altar of Trog.
    81 | D        | Found a hide-covered altar of Uskayaw.
    82 | D        | Found a radiant altar of Vehumet.
    83 | D        | Found an ornate altar of the Wu Jian Council.
    84 | D        | Found a shimmering altar of Xom.
    85 | D        | Found a basalt altar of Yredelemnul.
    86 | D        | Found a glowing silver altar of Zin.
    87 | D        | Found a glowing golden altar of the Shining One.
    90 | D        | Became a worshipper of Vehumet
   106 | D        | Got the +2 halberd "Xocuumin" {venom, rElec rC++ Int+4
                  | Stlth+}
   121 | D        | Learned a level 2 spell: Swiftness
   200 | D        | Noticed a two-headed ogre
   200 | D        | Noticed an ogre
   210 | D        | Reached skill level 5 in Spellcasting
   210 | D        | Reached skill level 6 in Air Magic
   210 | D        | Reached XP level 4. HP: 27/27 MP: 9/11
   215 | D        | Killed an ogre
   215 | D        | Reached * piety under Vehumet
   215 | D        | Offered knowledge of Sandblast by Vehumet.
   215 | D        | Reached skill level 7 in Air Magic
   215 | D        | Reached XP level 5. HP: 5/31 MP: 11/14
   341 | D        | Learned a level 5 spell: Lightning Bolt
   346 | D        | Learned a level 4 spell: Airstrike
   399 | D        | Killed a two-headed ogre
   399 | D        | Reached skill level 10 in Spellcasting
   399 | D        | Reached skill level 11 in Air Magic
   399 | D        | Reached XP level 6. HP: 27/36 MP: 7/19
   399 | D        | Reached XP level 7. HP: 31/41 MP: 7/21
   525 | D        | Offered knowledge of Sting by Vehumet.
   525 | D        | Reached ** piety under Vehumet
   556 | D        | Noticed a two-headed ogre
   556 | D        | Noticed a cyclops
   556 | D        | Noticed a troll
   558 | D        | Reached skill level 12 in Air Magic
   559 | D        | Killed a two-headed ogre
   559 | D        | Reached XP level 8. HP: 51/54 MP: 6/23
   560 | D        | Killed a cyclops
   560 | D        | Reached skill level 5 in Dodging
   560 | D        | Reached XP level 9. HP: 48/59 MP: 1/24
   560 | D        | Reached *** piety under Vehumet
   561 | D        | Killed a troll
   561 | D        | Reached skill level 5 in Fighting
   561 | D        | Reached skill level 5 in Conjurations
   562 | D        | Killed an unseen horror
   562 | D        | Reached skill level 13 in Air Magic
   802 | D        | Offered knowledge of Ignite Poison by Vehumet.
   802 | D        | Noticed a komodo dragon
   804 | D        | Reached **** piety under Vehumet
   806 | D        | Killed a komodo dragon
   806 | D        | Reached ***** piety under Vehumet
   806 | D        | Reached XP level 10. HP: 54/71 MP: 8/26
   917 | D        | Noticed a spiny frog
   917 | D        | Noticed an elephant
   917 | D        | Noticed a spiny frog
   919 | D        | Killed a spiny frog
   920 | D        | Noticed a spiny frog
   921 | D        | Killed a spiny frog
   921 | D        | Killed an elephant
   921 | D        | Reached skill level 14 in Air Magic
   924 | D        | Killed a spiny frog
   984 | D        | Offered knowledge of Dazzling Spray by Vehumet.
   984 | D        | Reached ****** piety under Vehumet
  1109 | D        | Reached XP level 11. HP: 79/80 MP: 22/28
  1144 | D        | Offered knowledge of Conjure Flame by Vehumet.
  1292 | D        | Noticed an orc knight
  1293 | D        | Offered knowledge of Olgreb's Toxic Radiance by Vehumet.
  1296 | D        | Noticed an orc knight
  1297 | D        | Killed an orc knight
  1310 | D        | Killed an orc knight
  1310 | D        | Reached skill level 10 in Dodging
  1347 | D        | Learned a level 4 spell: Olgreb's Toxic Radiance
  1552 | D        | Noticed an orc knight
  1570 | D        | Killed an orc knight
  1570 | D        | Reached skill level 10 in Conjurations
  1712 | D        | Reached skill level 10 in Fighting
  1714 | D        | Offered knowledge of Conjure Ball Lightning by Vehumet.
  1807 | D        | Found Pucyhy's General Store.
  1807 | D        | Noticed an orc knight
  1807 | D        | Noticed an orc knight
  1807 | D        | Noticed an orc knight
  1807 | D        | Noticed an orc knight
  1813 | D        | Killed an orc knight
  1813 | D        | Reached skill level 15 in Air Magic
  1814 | D        | Killed an orc knight
  1815 | D        | Noticed an orc knight
  1816 | D        | Killed an orc knight
  1817 | D        | Noticed an orc knight
  1886 | D        | Killed an orc knight
  1898 | D        | Killed an orc knight
  2133 | D        | Noticed an orc knight
  2136 | D        | Killed an orc knight
  2136 | D        | Offered knowledge of Bolt of Cold by Vehumet.
  2140 | D        | Killed an orc knight
  2583 | D        | Learned a level 6 spell: Bolt of Cold
  2704 | D        | Found Laitet's Jewellery Shop.
  2727 | D        | Found Wuel's Armour Boutique.
  2731 | D        | Found Deijuh's Weapon Shop.
  2739 | D        | Noticed an orc knight
  2745 | D        | Killed an orc knight
  2896 | D        | Bought an uncursed ring of stealth for 192 gold pieces
  2896 | D        | Bought an uncursed ring of see invisible for 165 gold
                  | pieces
  2896 | D        | Bought an uncursed ring of stealth for 192 gold pieces
  2896 | D        | Bought an uncursed amulet of harm for 330 gold pieces
  2902 | D        | Bought the ring "Neriexyebol" {Fire Str+4} for 444 gold
                  | pieces
  2902 | D        | Bought a sack of spiders for 220 gold pieces
  2958 | D        | Noticed Gastronok
  2961 | D        | Killed Gastronok
  2961 | D        | Reached skill level 16 in Air Magic
  2961 | D        | Reached XP level 12. HP: 90/90 MP: 24/30
  2993 | D        | Noticed Maurice
  2998 | D        | Killed Maurice
  3073 | D        | Noticed a two-headed ogre
  3076 | D        | Offered knowledge of Fireball by Vehumet.
  3076 | D        | Reached skill level 15 in Spellcasting
  3078 | D        | Killed a two-headed ogre
  3087 | D        | Noticed a fire dragon
  3087 | D        | Noticed an ice dragon
  3248 | D        | Killed a fire dragon
  3248 | D        | Reached skill level 17 in Air Magic
  3250 | D        | Killed an ice dragon
  3252 | D        | Noticed a vampire mage
  3261 | D        | Killed a vampire mage
  3261 | D        | Offered knowledge of Spellforged Servitor by Vehumet.
  3270 | D        | Learned a level 7 spell: Spellforged Servitor
  3270 | D        | Upgraded the game from 0.23-a0-396-g5214e5f to
                  | 0.23-a0-398-g8eab93f
  3323 | D        | Noticed a rakshasa
  3325 | D        | Killed a rakshasa
  3325 | D        | Reached skill level 1 in Summonings
  3349 | D        | Noticed a stone giant
  3526 | D        | Killed a stone giant
  3597 | D        | Noticed Grum
  3600 | D        | Killed Grum
  3706 | D        | Noticed Aizul
  3711 | D        | Killed Aizul
  3711 | D        | Offered knowledge of Orb of Destruction by Vehumet.
  3711 | D        | Reached XP level 13. HP: 61/95 MP: 19/33
  4008 | D        | Noticed a thorn hunter
  4014 | D        | HP: 3/95 [swamp drake] (2)]
  4016 | D        | Reached skill level 5 in Summonings
  4016 | D        | Reached skill level 18 in Air Magic
  4016 | D        | Killed a thorn hunter
  4022 | D        | HP: 3/95 [briar patch's spines[a thorn hunter] (12)]
  4608 | D        | Offered knowledge of Freezing Cloud by Vehumet.
  4610 | D        | Reached skill level 1 in Ice Magic
  4783 | D        | Offered knowledge of Lehudib's Crystal Spear by Vehumet.
  4783 | D        | Offered knowledge of Chain Lightning by Vehumet.
  4783 | D        | Offered knowledge of Tornado by Vehumet.
  4783 | D        | Reached skill level 1 in Polearms
  4783 | D        | Reached skill level 15 in Conjurations
  5191 | D        | Learned a level 8 spell: Chain Lightning
  5438 | D        | Noticed Nergalle
  5441 | D        | Killed Nergalle
  5483 | D        | Noticed a stone giant
  5483 | D        | Noticed a great orb of eyes
  5483 | D        | Noticed a fire dragon
  5483 | D        | Noticed a fire giant
  5485 | D        | Killed a fire giant
  5485 | D        | Reached XP level 14. HP: 29/101 MP: 20/35
  5485 | D        | Reached skill level 19 in Air Magic
  5486 | D        | Noticed a shadow dragon
  5488 | D        | Killed a stone giant
  5657 | D        | Killed a shadow dragon
  5657 | D        | Reached skill level 10 in Summonings
  5737 | D        | Noticed a green very ugly thing
  5739 | D        | Killed a green very ugly thing
  5750 | D        | HP: 2/101 [chain lightning (4)]
  5756 | D        | Killed by chain lightning

Vault maps used:
D:        linesprint

Skill      XL: |  1  2  3  4  5  6  7  8  9 10 11 12 13 14 |
---------------+-------------------------------------------+-----
Spellcasting   | 3 4 5 6 10 11 12 13 14 16 17 18 | 18.3
Air Magic      | 4 5 6 7 11 12 13 14 16 17 18 19 | 19.4
Fighting       | 3 4 7 9 11 | 11.4
Dodging        | 4 5 7 9 11 12 | 12.7
Conjurations   | 4 7 9 11 13 15 16 | 16.6
Summonings     | 3 9 10 | 10.4
Ice Magic      | 3 |  3.8
Polearms       | 2 3 |  3.0
Stealth        | |  2.6

Action                   |  1- 3 |  4- 6 |  7- 9 | 10-12 | 13-15 || total
-------------------------+-------+-------+-------+-------+-------++-------
Melee: Unarmed           |     6 |       |       |       |       ||     6
       Constrict         |     3 |       |       |     1 |       ||     4
       Tentacles         |     1 |       |       |       |       ||     1
       Halberd           |     2 |     4 |       |     3 |     6 ||    15
 Cast: Shock             |     5 |     6 |     5 |     2 |       ||    18
       Swiftness         |     1 |       |       |       |       ||     1
       Lightning Bolt    |       |     1 |     8 |   110 |    29 ||   148
       Bolt of Cold      |       |       |       |       |     4 ||     4
       Chain Lightning   |       |       |       |       |    14 ||    14
       Spellforged Servi |       |       |       |       |     2 ||     2
Evoke: Wand              |       |     2 |     3 |     3 |       ||     8
       Staff of energy   |       |       |       |     1 |       ||     1
  Use: Potion            |     1 |       |       |       |     1 ||     2
 Stab: Sleeping          |       |       |       |     1 |       ||     1
  Eat: Chunk             |       |       |       |     8 |     2 ||    10
       Ration            |       |       |       |     1 |     2 ||     3
Armor: Skin              |       |       |       |       |     2 ||     2
Dodge: Dodged            |     3 |     1 |     6 |    18 |    23 ||    51

Table legend:
 A = Non-vault XP
 B = Vault XP
 C = Vault XP percentage of total XP
 D = Non-vault monster count
 E = Vault monster count
 F = Vault count percentage of total count
                 A         B        C        D         E       F
            +---------+---------+-------+---------+---------+-------
      Total |       0 |   65467 | 100.0 |       0 |     157 | 100.0
            +---------+---------+-------+---------+---------+-------
          D |       0 |   65467 | 100.0 |       0 |     157 | 100.0
            +---------+---------+-------+---------+---------+-------
